 Dungeon Crawl Stone Soup version 0.31.0 (webtiles) character file.

Game seed: 16641725915434844376

2 FizzleBang31 the Sneak (level 1, -3/22 HPs)
             Began as a Troll Delver on Jan 19, 2024.
             Slain by Blork the orc
             ... wielding a +0 scimitar
              (4 damage)
             ... on level 5 of the Dungeon.
             The game lasted 00:02:39 (66 turns).

FizzleBang31 the Sneak (Troll Delver)                 Turns: 66, Time: 00:02:39

Health: -3/22      AC:  4    Str: 19    XL:     1   Next: 33%
Magic:  0/0        EV:  9    Int:  6    God:
Gold:   29         SH:  0    Dex: 11    Spells: 0/0 levels left

rFire   . .          .
                       - Unarmed
rCold   . . .        (no shield)
rNeg    . . .        a - +0 robe
rPois   .            (helmet restricted)
rElec   .            (no cloak)
rCorr   .            (gloves unavailable)
SInv    .            (boots unavailable)
Will    .....        (no amulet)
Stlth   ++           (no ring)
HPRegen 1.03/turn    (no ring)
MPRegen 0.07/turn

%: no passive effects
@: hasted, very quick
A: large, unfitting armour, claws 3, regeneration 1, shaggy fur 1, tough skin 1
a: no special abilities


You were on level 5 of the Dungeon.
You visited 1 branch of the dungeon, and saw 1 of its levels.

You collected 29 gold pieces.

Inventory:

Armour
 a - a +0 robe (worn)
Wands
 v - a wand of digging (3)
Scrolls
 b - a scroll of fog
 c - a scroll of revelation
 d - 2 scrolls of fear
 g - 2 scrolls of butterflies {unknown}


   Skills:
 - Level 2.4 Fighting
 - Level 1.5 Dodging
 - Level 2.7 Stealth
 + Level 2.2 Unarmed Combat


You couldn't memorise any spells.
You didn't know any spells.
Your spell library was empty.

Dungeon Overview and Level Annotations

Branches:
Dungeon (5/15)
 Temple: D:4-7

Altars:

Annotations:
D:5 Blork the orc


Innate Abilities, Weirdness & Mutations

You are too large for most types of armour.
You have claws for hands.
Your natural rate of healing is unusually fast.
You are covered in fur. (AC +1)
You have tough skin. (AC +1)


Message History

Welcome, FizzleBang31 the Troll Delver.
They say the Orb of Zot lies within this dungeon, but they say a lot of things.
Press ? for a list of commands and other information.
Found 14 gold pieces.
Found a stone staircase leading down.
Saving game... please wait.
Welcome back, FizzleBang31 the Troll Delver.
Press ? for a list of commands and other information.
Saving game... please wait.
Welcome back, FizzleBang31 the Troll Delver.
Press ? for a list of commands and other information.
Found 15 gold pieces.
You now have 11 gold pieces.
You now have 14 gold pieces (gained 3).
Found a scroll of fear, a dagger and a scroll labelled GIBYNU YSEFA.
You now have 29 gold pieces (gained 15).
d - 2 scrolls of fear (gained 1)
g - a scroll labelled GIBYNU YSEFA Adjust to which letter? (? for menu, Esc to quit)
v - a wand of digging (3)
You open the door.
There is an open door here.
Found a scroll labelled GIBYNU YSEFA.
A dart slug comes into view.
You see here a scroll labelled GIBYNU YSEFA.
g - 2 scrolls labelled GIBYNU YSEFA (gained 1)
The dart slug launches a dart at you. The slug dart hits you.
The dart slug bites you but does no damage.
You claw the dart slug! You claw the dart slug.
You kill the dart slug!
You see here a dart slug corpse.
Blork the orc comes into view.
He is wielding a +0 scimitar.
Blork the orc shouts!
Press: ? - help, v - describe, . - travel
Here: Blork the orc, wielding a +0 scimitar and wearing a +0 robe The floor.
Unknown command.
Your movement speed is average.
Your attack delay is about 0.9.
Your damage rating with unarmed combat is about 14 (Base [9 + 2 (UC)] x 122% (Str) x 104% (Fight)).
Press: ? - help, v - describe, . - travel
Here: Blork the orc, wielding a +0 scimitar and wearing a +0 robe The floor.
Unknown command.
You feel yourself speed up.
You barely miss Blork the orc. You barely miss Blork the orc.
You claw Blork the orc!
Blork the orc is heavily wounded.
Blork the orc hits you with a +0 scimitar!
You scratch Blork the orc but do no damage.
Blork the orc is heavily wounded.
Blork the orc completely misses you.
You scratch Blork the orc but do no damage.
Blork the orc is heavily wounded.
You scratch Blork the orc but do no damage.
Blork the orc is heavily wounded.
Blork the orc hits you with a +0 scimitar.
You scratch Blork the orc.
Blork the orc is heavily wounded.
Blork the orc hits you with a +0 scimitar.
* * * LOW HITPOINT WARNING * * *
You scratch Blork the orc.
Blork the orc is heavily wounded.
You scratch Blork the orc.
Blork the orc is severely wounded.
Blork the orc hits you with a +0 scimitar.
* * * LOW HITPOINT WARNING * * *
You completely miss Blork the orc.
Blork the orc is severely wounded.
Blork the orc hits you with a +0 scimitar.
You die...

....... ......#
....... ....... #
....... +. .......
#.###o......
#...@...#
###..##.######
##########†..........
.....................
####...##...........
##................
##....###..........
##..#### #..........
#..## #..........


You could see Blork the orc.

Vanquished Creatures
  A dart slug (D:5)
1 creature vanquished.

Notes
Turn   | Place    | Note
-------+----------+-------------------------------------------
     0 | D:5      | FizzleBang31 the Troll Delver began the quest for the Orb.
     0 | D:5      | Reached XP level 1. HP: 22/22 MP: 0/0
    53 | D:5      | Noticed Blork the orc
    63 | D:5      | HP: 4/22 [Blork the orc/+0 scimitar (6)]
    65 | D:5      | HP: 1/22 [Blork the orc/+0 scimitar (5)]
    66 | D:5      | Slain by Blork the orc

Illustrated notes

Levels and vault maps discovered:
D:5:      layout_basic, minmay_temple_entry_statues_fountains,
          uniq_blork_the_orc

Action                     || total
---------------------------++-------
  Melee: Unarmed           ||    10
         Punch             ||     2
    Use: Potion            ||     1
 Armour: Robe              ||     7
  Dodge: Dodged            ||     1

Levels and vault maps discovered:
D:5:      layout_basic, minmay_temple_entry_statues_fountains,
          uniq_blork_the_orc

Table legend: (Time is in decaauts)
 A = Elapsed time spent in this place.
 B = Non-inter-level travel time spent in this place.
 C = Inter-level travel time spent in this place.
 D = Time resting spent in this place.
 E = Time spent auto-exploring this place.
 F = Levels seen in this place.
 G = Mean time per level.
                   A        B        C        D        E       F      G
               +--------+--------+--------+--------+--------+-----+--------+
         Total |     62 |     62 |      0 |      0 |      0 |   1 |   62.0 |
       Dungeon |     62 |     62 |      0 |      0 |      0 |   1 |   62.0 |
               +--------+--------+--------+--------+--------+-----+--------+

Top non-repeatable levels by time:
     D:5: 62 daAuts

Table legend:
 A = Kills in this place as a percentage of kills in the entire game.
 B = Kills by you in this place as a percentage of kills by you in the entire game.
 C = Kills by friends in this place as a percentage of kills by friends in the entire game.
 D = Other kills in this place as a percentage of other kills in the entire game.
 E = Experience gained in this place as a percentage of experience gained in the entire game.
 F = Experience gained in this place divided by the number of levels of this place that you have seen.
                   A       B       C       D       E      F
               +-------+-------+-------+-------+-------+----------------------
         Total | 100.0 | 100.0 |   N/A |   N/A | 100.0 |   4.0
       Dungeon | 100.0 | 100.0 |   N/A |   N/A | 100.0 |   4.0
               +-------+-------+-------+-------+-------+----------------------
